 Dungeon Crawl Stone Soup version 0.19-a0-1170-g18f0c96 (webtiles) character file.

55579 Gagarin the Spry (level 14, -4/120 HPs)
             Began as a Merfolk Gladiator on Aug 17, 2016.
             Was the Champion of Qazlal.
             Slain by Shenda's ghost (8 damage)
             ... on level 4 of the Lair of Beasts.
             The game lasted 01:27:19 (20014 turns).

Gagarin the Spry (Merfolk Gladiator)               Turns: 20014, Time: 01:27:20

Health: -4/120     AC: 15    Str: 17    XL:     14   Next: 77%
Magic:  22/22      EV: 28    Int:  8    God:    Qazlal [******]
Gold:   1438       SH:  8    Dex: 20    Spells: 2 memorised, 20 levels left

rFire  . . .     SeeInvis +     F - +0 halberd (freeze)
rCold  . . .     Gourm    .     P - +2 robe {MR+}
rNeg   + . .     Faith    .     (shield currently unavailable)
rPois  +         Spirit   .     c - +0 helmet
rElec  .         Dismiss  .     N - +2 cloak {rPois}
rCorr  .         Reflect  .     j - +2 pair of gloves
MR     +++..     Harm     .     (no boots)
Stlth  +.........               T - amulet of regeneration
                                k - ring of the Octopus King {rN+ AC+1 EV+1 Str+1 Int+1 Dex+1}
                                a - ring of Nuporph {MR+ SInv}

@: protected from physical damage, very slightly contaminated, hasted, repel
missiles, very quick
A: change form in water, swift swim
a: Upheaval, Elemental Force, Disaster Area, Renounce Religion


You were on level 4 of the Lair of Beasts.
You worshipped Qazlal.
Qazlal was exalted by your worship.
You were not hungry.

You visited 3 branches of the dungeon, and saw 20 of its levels.
You also visited: Sewer.

You collected 1757 gold pieces.
You spent 319 gold pieces at shops.

Inventory:

Hand Weapons
 F - a +0 halberd of freezing (weapon)
 O - a +1 blowgun
Missiles
 b - 2 throwing nets (quivered)
 C - 53 poisoned needles
 Q - 5 curare-tipped needles
 S - 7 needles of sleeping
Armour
 c - a +0 helmet (worn)
 j - a +2 pair of gloves (worn)
 D - a fire dragon hide
 N - a +2 cloak of poison resistance (worn)
 P - a +2 robe of magic resistance (worn)
Jewellery
 a - the ring of Nuporph (left hand) {MR+ SInv}
   (You bought it in a shop on level 8 of the Dungeon)

   [ring of protection from magic]

   It affects your resistance to hostile enchantments.
   It lets you see invisible.
 k - a ring of the Octopus King (right hand) {rN+ AC+1 EV+1 Str+1 Int+1 Dex+1}
   (You found it on level 1 of the Lair of Beasts)

   [ring of positive energy]

   It affects your AC (+1).
   It affects your evasion (+1).
   It affects your strength (+1).
   It affects your intelligence (+1).
   It affects your dexterity (+1).
   It protects you from negative energy.
 T - an amulet of regeneration (around neck)
Wands
 o - a wand of disintegration (8/24)
 t - a wand of flame (24/48)
 w - a wand of digging (15/24)
 A - a wand of iceblast (15/15)
Scrolls
 e - 8 scrolls of remove curse
 h - 8 scrolls of teleportation
 i - a scroll of blinking
 q - 2 scrolls of magic mapping
 r - a scroll of fear
 x - 2 scrolls of fog
 E - 2 scrolls of identify
Potions
 d - 4 potions of haste
 g - 4 potions of brilliance
 m - 2 potions of resistance {unknown}
 p - 4 potions of flight
 s - 2 potions of degeneration {unknown}
 u - a potion of ambrosia {unknown}
 z - 4 potions of cancellation
 B - 5 potions of curing
 G - 2 potions of lignification {unknown}
 H - 3 potions of magic {unknown}
 J - 3 potions of invisibility
 K - a potion of agility
 L - a potion of cure mutation {unknown}
 U - 2 potions of might {unknown}
 Z - a potion of berserk rage {unknown}
Books
 y - a book of Power

   Spells                             Type                      Level
   a - Fulminant Prism                Conjuration/Hexes            4
   b - Iskenderun's Mystic Blast      Conjuration                  4
   c - Venom Bolt                     Conjuration/Poison           5
   d - Bolt of Magma                  Conjuration/Fire/Earth       5
   e - Iron Shot                      Conjuration/Earth            6
   f - Orb of Destruction             Conjuration                  7
   g - Spellforged Servitor           Conjuration/Summoning        7
Comestibles
 f - 5 bread rations
 l - 11 meat rations
 n - 22 chunks of flesh


   Skills:
 + Level 14.3 Fighting
 + Level 16.6 Polearms
 - Level 2.1 Throwing
 - Level 2.8 Armour
 + Level 16.6 Dodging
 - Level 5.5 Spellcasting
 - Level 5.7 Hexes
 + Level 9.4 Invocations


You had 20 spell levels left.
You knew the following spells:

 Your Spells              Type           Power        Failure   Level  Hunger
a - Corona                Hex            ##.....      2%          1    #......
b - Confuse               Hex            ##......     10%         3    ###....


Dungeon Overview and Level Annotations

Branches:
Dungeon (13/15)            Temple (1/1) D:4            Lair (6/6) D:9
 Shoals (0/4) Lair:2       Spider (0/4) Lair:2        Slime (0/5) Lair:5
    Orc (0/2) D:12
 Vaults: D:13-14

Altars:
Ashenzari
Cheibriados
Dithmenos
Elyvilon
Fedhas
Gozag
Hepliaklqana
Kikubaaqudgha
Makhleb
Nemelex Xobeh
Okawaru
Pakellas
Qazlal
Ru
Sif Muna
Trog
Uskayaw
Vehumet
Xom
Yredelemnul
Zin
The Shining One

Shops:
D:8 [*

Annotations:
Lair:4 Shenda's ghost, journeyman MfGl


Message History

Shenda's ghost is almost destroyed.
You completely miss Shenda's ghost.
Shenda's ghost is almost destroyed.
Shenda's ghost completely misses you.
You closely miss Shenda's ghost.
Shenda's ghost is almost destroyed.
You closely miss Shenda's ghost.
Shenda's ghost is almost destroyed.
Shenda's ghost hits you!! Shenda's ghost burns you!
* * * LOW HITPOINT WARNING * * *
You feel much better.
You feel much better. Shenda's ghost hits you!! Shenda's ghost burns you!
You hit Shenda's ghost but do no damage.
Shenda's ghost is almost destroyed.
You miss Shenda's ghost.
Shenda's ghost is almost destroyed.
Shenda's ghost hits you!!
* * * LOW HITPOINT WARNING * * *
Shenda's ghost burns you!
You die...

#....P.###PP......##.#......##
#.....######......#......+..#
P....##...........#.P...P#...#
#....#.....#........P.......##
.....#....#........P........#
.....##...#P.......#..###..
#.....#.P###.......#PPP. #.
........P..#...§.§§.....
..............§§@.......
#.##.####.##P##W.##..### #.
### ########## # ##


You could see Shenda's ghost.

Vanquished Creatures
  The ghost of slayr the Slicer, a journeyman KoAs of Nemelex Xobeh (Lair:4)
  A fire dragon (Lair:6)
  Harold (Lair:2)
  A hydra (Lair:2)
  Fannar (Lair:2)
  An ice dragon (Lair:6)
  A queen ant (Lair:2)
  Nergalle (D:10)
  A skeletal warrior (D:11)
  A hill giant (D:10)
  An orb spider (Lair:2)
  A lindwurm (Lair:6)
  A griffon (Lair:2)
  2 wolf spiders
  2 deep elf magi (D:7)
  An ugly thing (D:11)
  A siren (Lair:2)
  22 elephants
  12 black mambas
  Maurice (D:8)
  A guardian serpent (Lair:6)
  15 spiny frogs
  6 torpor snails (Lair:6)
  A kobold demonologist (D:8)
  A gargoyle (D:11)
  11 komodo dragons
  4 trolls
  3 meliai (D:12)
  4 giant leeches (Lair:6)
  Grinder (D:5)
  A two-headed ogre (D:9)
  A merfolk (Lair:2)
  5 blink frogs (Lair:5)
  22 yaks
  7 wyverns
  4 basilisks
  A steam dragon (D:9)
  A hungry ghost (D:8)
  4 hippogriffs
  8 soldier ants (Lair:2)
  14 water moccasins
  6 porcupines
  6 orc warriors
  5 ice beasts
  The ghost of Rhoefr the Chopper, an amateur NaFi (Sewer)
  3 black bears
  2 phantoms
  3 sky beasts
  13 wasps
  8 ogres
  17 wolves
  9 crocodiles
  5 centaurs
  5 big kobolds
  13 giant frogs
  A wyvern zombie (D:12)
  A water moccasin zombie (D:10)
  2 scorpions
  A wyvern skeleton (D:12)
  15 killer bees
  3 electric eels
  8 wights
  5 howler monkeys
  8 crimson imps
  4 jellies
  A quasit (D:9)
  5 hounds
  2 giant frog zombies (D:5)
  12 orc wizards
  4 orc priests
  A gnoll shaman (D:5)
  A giant frog skeleton (D:5)
  35 worker ants
  13 iguanas
  12 sheep
  A hound zombie (D:8)
  2 hound skeletons
  A worker ant zombie (D:6)
  22 adders
  9 gnolls
  26 river rats
  5 shadow imps
  3 white imps (Lair:6)
  3 oozes
  An adder zombie (D:5)
  3 worms
  A dart slug (D:1)
  5 giant geckos
  47 orcs
  6 bats
  8 giant cockroaches
  7 goblins
  5 hobgoblins
  18 jackals
  9 quokkas
  4 ball pythons
  5 giant newts
  A jackal skeleton (D:4)
  22 kobolds
  A quokka zombie (D:8)
  17 rats
  26 fungi
  29 plants
686 creatures vanquished.

Vanquished Creatures (others)
  A yak (Lair:6)
  A bush (Lair:6)
  16 fungi
  30 plants
48 creatures vanquished.

Grand Total: 734 creatures vanquished

Notes
Turn   | Place    | Note
-------+----------+-------------------------------------------
     0 | D:1      | Gagarin the Merfolk Gladiator began the quest for the Orb.
     0 | D:1      | Reached XP level 1. HP: 16/16 MP: 1/1
   179 | D:1      | Reached XP level 2. HP: 22/22 MP: 2/2
   466 | D:1      | Reached XP level 3. HP: 27/28 MP: 3/3
   803 | D:2      | Reached skill level 5 in Polearms
  1068 | D:2      | Reached skill level 5 in Dodging
  1071 | D:2      | Reached XP level 4. HP: 27/34 MP: 4/4
  1916 | D:3      | Reached XP level 5. HP: 40/41 MP: 5/5
  2891 | D:4      | Noticed an ogre
  2907 | D:4      | Killed an ogre
  2907 | D:4      | Reached XP level 6. HP: 48/48 MP: 6/6
  3060 | D:4      | Found a staircase to the Ecumenical Temple.
  3154 | D:4      | Found a glowing drain.
  3186 | Sewer    | Entered a sewer
  3261 | Sewer    | Noticed Rhoefr's ghost (amateur NaFi)
  3305 | Sewer    | Killed Rhoefr's ghost
  3603 | Sewer    | Reached XP level 7. HP: 53/55 MP: 7/7
  3632 | Sewer    | Found a white marble altar of Elyvilon.
  3759 | Temple   | Entered the Ecumenical Temple
  3935 | Temple   | Became a worshipper of Qazlal Stormbringer
  4387 | D:5      | Entered Level 5 of the Dungeon
  4433 | D:5      | Reached skill level 5 in Fighting
  4582 | D:5      | Noticed Grinder
  4881 | D:5      | Reached XP level 8. HP: 64/64 MP: 8/8
  5540 | D:6      | Reached * piety under Qazlal
  6192 | D:5      | Reached skill level 10 in Polearms
  6192 | D:5      | Reached XP level 9. HP: 64/72 MP: 9/9
  6405 | D:6      | Found a snail-covered altar of Cheibriados.
  6693 | D:5      | Killed Grinder
  6693 | D:5      | Reached skill level 10 in Dodging
  6747 | D:6      | Reached ** piety under Qazlal
  7138 | D:7      | Got a steaming ring mail
  7149 | D:7      | Identified the +1 ring mail "Rewn" {rPois Str+2} (You found it on level 7 of the Dungeon)
  7154 | D:7      | Found a sacrificial altar of Ru.
  7154 | D:7      | Noticed a deep elf mage
  7157 | D:7      | Noticed a deep elf mage
  7165 | D:7      | Killed a deep elf mage
  7165 | D:7      | Reached skill level 1 in Armour
  7178 | D:7      | Killed a deep elf mage
  7237 | D:7      | Reached XP level 10. HP: 75/82 MP: 10/10
  7302 | D:7      | Found a sparkling altar of Nemelex Xobeh.
  7788 | D:8      | Noticed Maurice
  7855 | D:8      | Killed Maurice
  8201 | D:8      | Found Fiw Cou's Assorted Antiques.
  8209 | D:8      | Bought a vibrating platinum ring for 125 gold pieces
  8210 | D:8      | Identified the ring of Nuporph {MR+ SInv} (You bought it in a shop on level 8 of the Dungeon)
  8284 | D:8      | Found a bloodstained altar of Trog.
  8287 | D:8      | Noticed a kobold demonologist
  8289 | D:8      | Found an ancient bone altar of Kikubaaqudgha.
  8297 | D:8      | Killed a kobold demonologist
  8297 | D:8      | Reached *** piety under Qazlal
  8338 | D:8      | Found Seshufau's Armour Boutique.
  8343 | D:8      | Found a blossoming altar of Fedhas.
  8343 | D:8      | Found a radiant altar of Vehumet.
  8351 | D:8      | Bought a +2 robe of magic resistance for 194 gold pieces
  8710 | D:9      | Reached skill level 1 in Invocations
  8756 | D:9      | You fall through a shaft for 3 floors!
  8801 | D:10     | Entered Level 10 of the Dungeon
  9125 | D:9      | Found a staircase to the Lair.
  9146 | D:9      | Reached skill level 10 in Fighting
  9153 | D:9      | Reached XP level 11. HP: 64/90 MP: 1/13
  9844 | D:10     | Noticed Nergalle
  9863 | D:10     | Killed Nergalle
  9875 | D:10     | Learned a level 1 spell: Corona
 10396 | D:10     | Noticed a hill giant
 10403 | D:10     | Killed a hill giant
 10843 | D:11     | Noticed a skeletal warrior
 10849 | D:11     | Noticed a skeletal warrior
 11057 | D:11     | Reached skill level 5 in Invocations
 11301 | D:11     | Reached **** piety under Qazlal
 11455 | D:11     | Noticed a death knight
 11455 | D:11     | Noticed a skeletal warrior
 11483 | D:11     | Killed a skeletal warrior
 11483 | D:11     | Reached skill level 1 in Hexes
 11695 | D:11     | Noticed a white ugly thing
 11719 | D:11     | Killed a white ugly thing
 11719 | D:11     | Reached skill level 1 in Spellcasting
 12067 | D:12     | Found a staircase to the Orcish Mines.
 12214 | D:12     | Reached XP level 12. HP: 76/100 MP: 16/16
 12809 | Lair:1   | Entered Level 1 of the Lair of Beasts
 12895 | Lair:1   | Learned a level 3 spell: Confuse
 13172 | Lair:1   | Got a ring of the Octopus King
 13174 | Lair:1   | Identified a ring of the Octopus King {rN+ AC+1 EV+1 Str+1 Int+1 Dex+1} (You found it on level 1 of the Lair of Beasts)
 13722 | Lair:2   | Found a hole to the Spider Nest.
 13752 | Lair:2   | Reached ***** piety under Qazlal
 13770 | Lair:2   | Noticed Harold
 13921 | Lair:2   | Reached skill level 15 in Polearms
 13932 | Lair:2   | Killed Harold
 14044 | Lair:2   | Found a staircase to the Shoals.
 14065 | Lair:2   | Noticed Fannar
 14108 | Lair:2   | Killed Fannar
 14344 | Lair:2   | Reached XP level 13. HP: 108/108 MP: 20/20
 14396 | Lair:2   | Reached skill level 5 in Spellcasting
 14396 | Lair:2   | Reached skill level 5 in Hexes
 15971 | Lair:4   | Noticed slayr's ghost (journeyman KoAs)
 16005 | Lair:4   | Killed slayr's ghost
 16078 | Lair:4   | Noticed Shenda's ghost (journeyman MfGl)
 16396 | Lair:5   | Reached ****** piety under Qazlal
 16432 | Lair:5   | Found a staircase to the Slime Pits.
 16676 | Lair:4   | Found a basalt altar of Yredelemnul.
 16889 | Lair:4   | Reached skill level 15 in Dodging
 17771 | Lair:6   | Entered Level 6 of the Lair of Beasts
 17800 | Lair:6   | Reached XP level 14. HP: 115/118 MP: 22/22
 18192 | Lair:6   | Found a runed door.
 20014 | Lair:4   | HP: 4/120 [Shenda's ghost (35)]
 20014 | Lair:4   | Slain by Shenda's ghost

Vault maps used:
D:1:      dpeg_arrival_tiny_a
D:2:      wad_woods_tower
D:4:      portal_sewer_entry_a, first_bread, hangedman_decor_points
D:5:      uniq_grinder
D:6:      lemuel_doored_altar
D:7:      nemelex_xobeh_ov_fountains_minmay, david_defended_altar_elf
D:8:      grunt_temple_overflow_open, serial_shops, nicolae_shop_behind_doors,
          shop, uniq_maurice
D:9:      erik_lair_island
D:10:     uniq_nergalle
D:12:     david_orc_2
Temple:   eino_temple_scatter_basement
Lair:1:   beast_lair_carwin_large_1
Lair:2:   elwin_shoals_entry_rooms, nicolae_spider_entry_orb_guardian,
          zaba_antful_of_joy, uniq_harold, uniq_fannar
Lair:3:   minmay_lair_venomous_thicket, serial_bayou_lagoon_b
Lair:4:   basic_altar, lemuel_fruit_tree, serial_bayou_shore_b
Lair:5:   nicolae_slime_entry_slimehenge, infiniplex_staircase_pool
Lair:6:   hangedman_lair_tendril_chambers, wormcave, bobbens_ice_dragon_lair
Sewer:    sewer_kobolds

Skill      XL: |  1  2  3  4  5  6  7  8  9 10 11 12 13 14 |
---------------+-------------------------------------------+-----
Polearms       | 5 6 7 8 10 11 12 14 15 16 | 16.6
Dodging        | 5 6 8 9 10 12 13 14 15 16 | 16.6
Fighting       | 3 4 5 7 8 10 11 12 13 14 | 14.3
Armour         | 1 2 |  2.8
Invocations    | 3 5 7 9 |  9.4
Hexes          | 2 4 5 |  5.7
Spellcasting   | 1 4 5 |  5.5
Throwing       | |  2.1

Action                   |  1- 3 |  4- 6 |  7- 9 | 10-12 | 13-15 || total
-------------------------+-------+-------+-------+-------+-------++-------
Melee: Trident           |   108 |   247 |   421 |   159 |       ||   935
       Tailslap          |       |     8 |       |     3 |       ||    11
       Halberd           |       |       |       |   831 |   923 ||  1754
 Fire: Blowgun           |       |       |       |    14 |     5 ||    19
Throw: Throwing net      |     2 |     3 |     5 |     1 |       ||    11
       Tomahawk          |       |       |       |     4 |       ||     4
 Cast: Corona            |       |       |       |     6 |     7 ||    13
       Confuse           |       |       |       |     2 |    19 ||    21
Invok: Upheaval          |       |       |       |     6 |       ||     6
       Elemental Force   |       |       |       |     2 |       ||     2
Evoke: Wand              |       |       |       |       |     1 ||     1
  Use: Scroll            |       |     3 |     3 |    16 |     6 ||    28
       Potion            |       |       |       |     5 |     6 ||    11
 Stab: Held in net/web   |       |     4 |     2 |     2 |       ||     8
       Sleeping          |       |     2 |       |       |       ||     2
       Confused          |       |       |       |       |     2 ||     2
       Distracted        |       |       |       |       |     1 ||     1
  Eat: Chunk             |     1 |     7 |    13 |    26 |    18 ||    65
       Pizza             |       |       |       |       |     2 ||     2
Armor: Leather armour    |    29 |    38 |    48 |       |       ||   115
       Ring mail         |       |       |     4 |    26 |       ||    30
       Robe              |       |       |       |    71 |    63 ||   134
Dodge: Dodged            |    56 |   130 |   225 |   593 |   476 ||  1480
       Deflected         |       |       |       |     5 |     3 ||     8
Block: Other             |       |       |     8 |   140 |   208 ||   356
